 Dungeon Sprint DCSS version 0.24.0-37-gcf1ca852f1 (webtiles) character file.

Game seed: 15410498079270967932, levelgen mode: deterministic

1264 Cryoshakespeare the Grappler (level 8, -1/94 HPs)
             Began as an Ogre Transmuter on Nov 22, 2019.
             Was a Follower of Wu Jian.
             Succumbed to Sonja's poison
             ... in the Dungeon (Sprint I: "Red Sonja").
             The game lasted 00:04:39 (714 turns).

Cryoshakespeare the Grappler (Ogre Transmuter)       Turns: 714, Time: 00:04:39

Health: -1/94      AC:  2    Str: 17    XL:     8   Next: 52%
Magic:  11/13      EV: 20    Int: 14    God:    Wu Jian [*.....]
Gold:   405        SH:  0    Dex: 14    Spells: 10/14 levels left

rFire    . . .     SeeInvis .     - Unarmed
rCold    . . .     Gourm    .   (shield currently unavailable)
rNeg     . . .     Faith    .   (armour currently unavailable)
rPois    x         Spirit   .   (helmet currently unavailable)
rElec    .         Reflect  .   (cloak currently unavailable)
rCorr    .         Harm     .   (gloves unavailable)
MR       .....     NoTele   +   (boots unavailable)
Stlth    +.........             (no amulet)
HPRegen  0.25/turn              (no ring)
MPRegen  0.13/turn              (no ring)

@: lethally poisoned (-1 -> -34), spider-form, flying
A: tiny, unfitting armour
a: End Transformation, Renounce Religion


You were in the Dungeon.
You worshipped Wu Jian.
Wu Jian was aware of your devotion.
You were hungry.
You were a venomous arachnid creature.
You visited 1 branch You collected 405 gold pieces.

Inventory:

Missiles
 a - 12 arrows
Armour
 b - a +0 robe (melded)
Wands
 c - a wand of polymorph (5)
Scrolls
 j - a scroll of blinking
Potions
 h - 2 potions of magic
Comestibles
 d - a ration


   Skills:
 + Level 10.4 Fighting
 - Level 2.6 Dodging
 * Level 11.2 Unarmed Combat
 - Level 3.5 Spellcasting
 + Level 10.2 Transmutations


You had 10 spell levels left.
You knew the following spells:

 Your Spells              Type           Power        Failure   Level  Hunger
a - Beastly Appendage     Tmut           ####..       2%          1    None
b - Spider Form           Tmut/Pois      ###.......   21%         3    ###....

Your spell library contained the following spells:

 Spells                   Type           Power        Failure   Level  Hunger
 Sticks to Snakes         Tmut           ####....     3%          2    ##.....
 Blade Hands              Tmut           ####......   22%         5    ######.
 Ice Form                 Ice/Tmut       ###.....     45%         4    ####...


Dungeon Overview and Level Annotations

Branches:
Dungeon (1/1)

Altars:
Cheibriados
Dithmenos
Elyvilon
Fedhas
Gozag
Hepliaklqana
Kikubaaqudgha
Makhleb
Nemelex Xobeh
Okawaru
Qazlal
Ru
Sif Muna
Trog
Uskayaw
Vehumet
Wu Jian
Xom
Yredelemnul
Zin
The Shining One
Jiyva
Lugonu

Shops:
D }

Annotations:
D Sonja


Innate Abilities, Weirdness & Mutations

You are too large for most types of armour.
((You have tough skin. (AC +1)))


Message History

You bite Sonja!
Sonja is heavily wounded.
* * * LOW HITPOINT WARNING * * *
You feel very sick. Sonja hits you.
* * * LOW HITPOINT WARNING * * *
Sonja freezes you.
* * * LOW HITPOINT WARNING * * *
You hit Sonja but do no damage.
Sonja is heavily wounded.
* * * LOW HITPOINT WARNING * * *
You feel very sick. Sonja misses you.
Unknown command.
* * * LOW HITPOINT WARNING * * *
You feel very sick.
* * * LOW HITPOINT WARNING * * *
You feel very sick.
There is an open door here.
You die...

##########################
#<.#..'..#..'..#__#..'...#
#..').#.)').#s.'..'..#...#
#..#####'#####'#__#### ..+
#).####..#...#Y#### ##
#..#__####..##(#
#..#_____##'#_.+≈§§
#⌠⌠#_.∩...'.()_#§§≈.c
####_..__##_.#+##+###
#_____###+# #########(##


You could see Sonja the ice beast.

Vanquished Creatures
  2 kobold demonologists (D)
  A slime creature (D)
  Sigmund (D)
  A yak (D)
  A floating eye (D)
  An ogre (D)
  A jelly (D)
  Ijyb (D)
9 creatures vanquished.

Vanquished Creatures (others)
  A gargoyle (D)
1 creature vanquished.

Grand Total: 10 creatures vanquished

Notes
Turn   | Place    | Note
-------+----------+-------------------------------------------
     0 | D        | Cryoshakespeare the Ogre Transmuter began the quest for the
                  | Orb.
     0 | D        | Reached XP level 1. HP: 19/19 MP: 3/3
     2 | D        | Noticed Ijyb
     7 | D        | Killed Ijyb
     7 | D        | Reached skill level 4 in Unarmed Combat
     7 | D        | Reached XP level 2. HP: 27/27 MP: 2/6
     7 | D        | Reached XP level 3. HP: 33/33 MP: 2/8
    48 | D        | Learned a level 3 spell: Spider Form
    50 | D        | Noticed an ogre
    56 | D        | Killed an ogre
    56 | D        | Reached XP level 4. HP: 41/41 MP: 5/9
    90 | D        | Noticed Sigmund
    98 | D        | Killed Sigmund
    98 | D        | Reached skill level 5 in Fighting
    98 | D        | Reached skill level 7 in Unarmed Combat
    98 | D        | Reached XP level 5. HP: 57/57 MP: 6/10
    98 | D        | Reached XP level 6. HP: 66/66 MP: 6/11
   160 | D        | Found an ornate altar of the Wu Jian Council.
   160 | D        | Found a shimmering blue altar of Sif Muna.
   162 | D        | Found a radiant altar of Vehumet.
   168 | D        | Became a worshipper of the Wu Jian Council
   189 | D        | Found a burning altar of Makhleb.
   189 | D        | Found a viscous altar of Jiyva.
   189 | D        | Found a shimmering altar of Xom.
   189 | D        | Found a corrupted altar of Lugonu.
   189 | D        | Noticed a slime creature
   200 | D        | Killed a slime creature
   200 | D        | Reached skill level 8 in Unarmed Combat
   200 | D        | Reached XP level 7. HP: 61/78 MP: 9/12
   257 | D        | Killed a gargoyle
   284 | D        | Noticed a kobold demonologist
   284 | D        | Noticed a kobold demonologist
   285 | D        | Noticed a red devil
   287 | D        | Paralysed by a floating eye for 3 turns
   294 | D        | Paralysed by a floating eye for 3 turns
   294 | D        | Noticed a rust devil
   300 | D        | Reached skill level 9 in Unarmed Combat
   345 | D        | Killed a kobold demonologist
   345 | D        | Reached * piety under Wu Jian
   345 | D        | Reached skill level 10 in Unarmed Combat
   345 | D        | Reached XP level 8. HP: 34/92 MP: 7/13
   354 | D        | Killed a kobold demonologist
   354 | D        | Reached skill level 10 in Fighting
   354 | D        | Reached skill level 11 in Unarmed Combat
   354 | D        | Reached skill level 10 in Transmutations
   604 | D        | Noticed a centaur warrior
   622 | D        | Found Juquc's Gadget Emporium.
   622 | D        | Found an ancient bone altar of Kikubaaqudgha.
   622 | D        | Found a hazy altar of Hepliaklqana.
   622 | D        | Found a hide-covered altar of Uskayaw.
   622 | D        | Found a basalt altar of Yredelemnul.
   622 | D        | Found an opulent altar of Gozag.
   622 | D        | Found a snail-covered altar of Cheibriados.
   622 | D        | Found a sacrificial altar of Ru.
   622 | D        | Found a shadowy altar of Dithmenos.
   622 | D        | Noticed a yak
   623 | D        | Found a stormy altar of Qazlal.
   623 | D        | Found a blossoming altar of Fedhas.
   623 | D        | Found a bloodstained altar of Trog.
   623 | D        | Found an iron altar of Okawaru.
   623 | D        | Found a glowing golden altar of the Shining One.
   623 | D        | Found a glowing silver altar of Zin.
   623 | D        | Found a white marble altar of Elyvilon.
   628 | D        | Killed a yak
   629 | D        | Found a sparkling altar of Nemelex Xobeh.
   690 | D        | Noticed Sonja
   708 | D        | Noticed Sonja
   708 | D        | Sonja changed into Sonja the ice beast
   712 | D        | HP: 4/94 [poisoned by Sonja]
   713 | D        | HP: 1/94 [poisoned by Sonja]
   714 | D        | Succumbed to Sonja's poison

Levels and vault maps discovered:
D:        dungeon_sprint_1 [red_sonja_temple_1, red_sonja_temple_small_1]

Skill      XL: |  1  2  3  4  5  6  7  8 |
---------------+-------------------------+-----
Dodging        | 2 |  2.6
Unarmed Combat | 4 7 8 10 11 | 11.2
Spellcasting   | 3 |  3.5
Transmutations | 2 7 8 9 10 | 10.2
Fighting       | 5 7 9 10 | 10.4

Action                   |  1- 3 |  4- 6 |  7- 9 || total
-------------------------+-------+-------+-------++-------
Melee: Unarmed           |     7 |    20 |    29 ||    56
       Headbutt          |     1 |       |       ||     1
 Cast: Beastly Appendage |     1 |       |       ||     1
       Spider Form       |     1 |     4 |     6 ||    11
Invok: Lunge             |       |     1 |     3 ||     4
 Abil: End Transformatio |       |       |     1 ||     1
Evoke: Wand              |       |       |     1 ||     1
  Use: Potion            |     1 |       |     4 ||     5
Armor: Skin              |       |     1 |     2 ||     3
Dodge: Dodged            |     5 |    14 |    31 ||    50
